 Dungeon Crawl Stone Soup version 0.31-a0-705-ga145531891 (console) character file.

Game seed: 15305617565632190318

307 petzl the Sneak (level 6, -1/48 HPs)
             Began as a Formicid Delver on Sept 9, 2023.
             Shot with an arrow by a centaur (15 damage)
             ... on level 5 of the Dungeon.
             The game lasted 00:18:05 (4540 turns).

petzl the Sneak (Formicid Delver)                   Turns: 4540, Time: 00:18:06

Health: -1/48      AC:  7    Str: 16    XL:     6   Next: 68%
Magic:  13/13      EV: 11    Int: 12    God:
Gold:   243        SH:  0    Dex: 15    Spells: 14/14 levels left

rFire   . . .        b - +1 sling (flame)
rCold   . . .        (no shield)
rNeg    . . .        j - +0 ring mail
rPois   .            (helmet unavailable)
rElec   .            i - +0 cloak
rCorr   .            h - +0 pair of gloves
SInv    +            (no boots)
Will    .....        (no amulet)
Stlth   +++          (no ring)
HPRegen 0.28/turn    (no ring)
MPRegen 0.13/turn

%: no passive effects
@: no status effects
A: permanent stasis, dig shafts and tunnels, antennae 3, four strong arms
a: Dig, Shaft Self


You were on level 5 of the Dungeon.
You visited 2 branches of the dungeon, and saw 7 of its levels.

You collected 243 gold pieces.

Inventory:

Hand Weapons
 a - the +11 long sword "Worm" {heavy, Int+3}
   (You found it on level 2 of the Dungeon)

   Int+3:     It affects your intelligence (+3).
 b - a +1 sling of flaming (weapon)
 c - a +2 dagger of electrocution {!f =f}
Missiles
 m - 34 stones
 q - 9 poisoned darts
 t - 2 darts of dispersal
Armour
 h - a +0 pair of gloves (worn)
 i - a +0 cloak (worn)
 j - a +0 ring mail (worn)
Jewellery
 s - a ring of willpower
Wands
 f - a wand of digging (2)
 y - a wand of roots (9)
Scrolls
 d - 4 scrolls of revelation
 g - 5 scrolls of identify {unknown}
 r - a scroll of immolation {unknown}
 v - 4 scrolls of fog
 x - 2 scrolls of vulnerability {unknown}
 z - a scroll of enchant weapon {unknown}
Potions
 e - a potion of attraction {unknown}
 k - 2 potions of heal wounds {unknown}
 l - 2 potions of curing
 n - a potion of cancellation {unknown}
 o - 3 potions of lignification {unknown}
 p - a potion of brilliance {unknown}
 u - 2 potions of might {unknown}
 w - a potion of mutation {unknown}


   Skills:
 + Level 3.8 Fighting
 + Level 1.9 Long Blades
 - Level 2.0 Maces & Flails
 + Level 1.3 Ranged Weapons
 - Level 1.7 Dodging
 + Level 6.5 Stealth
 + Level 4.7 Spellcasting


You had 14 spell levels left.
You didn't know any spells.
Your spell library contained the following spells:

 Spells                   Type           Power      Damage    Failure   Level
 Dazzling Flash           Conj/Hex       4%         N/A       75%         3
 Volatile Blastmotes      Fire/Tloc      4%         2d10      75%         3
 Olgreb's Toxic Radiance  Pois           2%         N/A       98%         4
 Starburst                Conj/Fire      1%         6d3       100%        6
 Discord                  Hex            1%         N/A       100%        8
 Ignition                 Fire           1%         3d3       100%        8
 Maxwell's Capacitive Co  Air            1%         ∞         100%        8


Dungeon Overview and Level Annotations

Branches:
Dungeon (6/15)             Temple (1/1) D:4

Altars:
Ashenzari
Dithmenos
Elyvilon
Gozag
Hepliaklqana
Makhleb
Nemelex Xobeh
Qazlal
Ru
Sif Muna
Trog
Uskayaw
Wu Jian
Yredelemnul
Zin

Shops:
D:3 :

Annotations:
D:2 Terence
D:3 2 transporters, SirDiesAlot's ghost, amateur OgAr
D:5 Grinder


Innate Abilities, Weirdness & Mutations

You cannot be hasted, slowed, berserked, paralysed or teleported.
You can dig through walls and to a lower floor.
You have a pair of large antennae on your head. (SInv)
Your four strong arms can wield two-handed weapons with a shield.


Message History

As you read the scroll of fog, it dissolves into smoke.
The centaur shoots an arrow.
The arrow barely misses you.
There is a stone staircase leading up here.
You climb upwards.
There is a stone staircase leading down here.
You start resting.
HP restored.
You climb downwards.
Level annotation: Grinder The centaur shoots an arrow.
The arrow hits you.
The centaur shoots an arrow.
The arrow hits you.
There is a stone staircase leading up here.
You climb upwards.
There is a stone staircase leading down here.
You start resting.
HP restored.
You climb downwards.
Level annotation: Grinder The centaur shoots an arrow.
The arrow barely misses you.
The centaur shoots an arrow.
The arrow barely misses you.
The centaur shoots an arrow.
The arrow closely misses you.
There is a stone staircase leading up here.
You shoot a sling bullet.
The sling bullet barely misses the centaur.
The centaur shoots an arrow.
The arrow barely misses you.
The centaur shoots an arrow.
The arrow closely misses you.
You shoot a sling bullet. The sling bullet hits the centaur.
The sling bullet burns the centaur.
The centaur is moderately wounded.
The centaur shoots an arrow.
The arrow hits you.
The centaur shoots an arrow.
The arrow hits you!
You shoot a sling bullet. The sling bullet hits the centaur.
The sling bullet burns the centaur.
The centaur is moderately wounded.
The centaur shoots an arrow.
The arrow hits you.
The centaur shoots an arrow.
The arrow hits you.
The centaur shoots an arrow.
The arrow hits you!
* * * LOW HITPOINT WARNING * * *
The centaur shoots an arrow.
The arrow hits you!
You die...

..# #.#####..# .#
#.## .... ..####...
.##.# ........# .#
.# ##........# .# #
.#........# #.#
.#........######..#
.#.........#.....#
.#..............##
5'.......#...##.#
.'.......#{c.##.#
.#.........#.##.#
.#........##..#.####
.#....c..{ ##......#
##........ ##.c...#
......5. #.....#
...... #..÷..# §...
#.....# #...@.#
#.....# #######


You could see a centaur.

Vanquished Creatures
  An orc priest (D:4)
  A hound (D:5)
  An orc wizard (D:4)
  Robin (D:2)
  5 adders
  2 river rats (D:4)
  A shadow imp (D:5)
  A worm (D:2)
  A dart slug (D:2)
  12 orcs
  5 ball pythons
  12 bats
  8 endoplasms
  4 giant cockroaches
  17 goblins
  16 hobgoblins
  8 jackals
  5 kobolds
  2 quokkas
  6 frilled lizards
  8 rats
117 creatures vanquished.

Notes
Turn   | Place    | Note
-------+----------+-------------------------------------------
     0 | D:5      | petzl the Formicid Delver began the quest for the Orb.
     0 | D:5      | Reached XP level 1. HP: 18/18 MP: 1/1
    17 | D:5      | Noticed a howler monkey
    83 | D:6      | Noticed a scorpion
    83 | D:6      | Noticed a centaur
   165 | D:5      | Noticed Grinder
   165 | D:5      | Noticed a centaur
   165 | D:5      | Noticed a hound
   172 | D:5      | Noticed an iguana
   176 | D:5      | You fall into a shaft and drop 1 floor!
   251 | D:5      | Reached skill level 1 in Spellcasting
   251 | D:5      | Reached XP level 2. HP: 20/24 MP: 1/4
   637 | D:2      | Reached XP level 3. HP: 21/29 MP: 6/6
  1135 | D:1      | Reached XP level 4. HP: 35/35 MP: 8/8
  2129 | D:2      | Identified the +11 long sword "Worm" {heavy, Int+3}
  2155 | D:2      | Noticed Terence
  2235 | D:2      | Reached XP level 5. HP: 41/41 MP: 11/11
  2310 | D:2      | Noticed Robin
  2350 | D:2      | Killed Robin
  2351 | D:2      | Reached skill level 1 in Long Blades
  2561 | D:3      | Found Uqikhlatu's Book Shoppe.
  2690 | D:3      | Noticed SirDiesAlot's ghost (amateur OgAr)
  3136 | D:3      | Found a transporter.
  3136 | D:3      | Found a transporter.
  3372 | D:4      | Reached XP level 6. HP: 36/47 MP: 12/12
  3459 | D:4      | Reached skill level 1 in Ranged Weapons
  3691 | D:4      | Found a broken altar of Ashenzari.
  3695 | D:4      | Saw a vision of the Swamp and the Spider Nest.
  3695 | D:4      | Noticed a will-o-the-wisp
  3695 | D:4      | Noticed a culicivora
  3695 | D:4      | Noticed a goliath frog
  3695 | D:4      | Noticed a tarantella
  3695 | D:4      | Noticed a demonic crawler
  3695 | D:4      | Noticed a tarantella
  3695 | D:4      | Noticed a redback
  3695 | D:4      | Noticed a swamp dragon
  3695 | D:4      | Noticed a jumping spider
  3695 | D:4      | Noticed a wolf spider
  3695 | D:4      | Noticed a tyrant leech
  3695 | D:4      | Noticed a five-headed hydra
  3695 | D:4      | Noticed a demonic crawler
  3696 | D:4      | Noticed a ghost moth
  3696 | D:4      | Noticed a radroach
  3697 | D:4      | Noticed an entropy weaver
  3697 | D:4      | Noticed a sun moth
  3697 | D:4      | Noticed an eleionoma
  3699 | D:4      | Noticed a redback
  3741 | D:4      | Found a staircase to the Ecumenical Temple.
  3755 | Temple   | Entered the Ecumenical Temple
  4540 | D:5      | Shot with an arrow by a centaur

Illustrated notes

Levels and vault maps discovered:
D:1:      heliophobic_arrival_enchanted_forest, layout_basic
D:2:      cheibrodos_greedy_goblins, layout_rooms, uniq_robin, uniq_terence
D:3:      layout_loops_cross, gammafunk_ghost_gnarly_gnolls, serial_shops, shop,
          kennysheep_doodads
D:4:      layout_loops_ring, grunt_ashenzari_visionary
          [grunt_ashenzari_visionary_swamp, grunt_ashenzari_visionary_spider],
          minmay_temple_entry_offerings, portal_sewer_entry_b
D:5:      layout_rooms, serial_aquarium, aquarium_bridge_square
          [aquarium_subvault_window, aquarium_subvault_bridge,
          aquarium_subvault_bridge, aquarium_subvault_bridge],
          aquarium_window_1, aquarium_window_double, aquarium_view_2b,
          aquarium_view_2b, aquarium_pool_double,
          chequers_serial_rivers_micro_d, uniq_grinder
D:6:      layout_basic, mainiacjoe_overflow_six_doors_small,
          chequers_serial_rivers_micro_e, nicolae_letterblocks
          [nicolae_letter_subblock, nicolae_letter_subblock,
          nicolae_letter_subblock, nicolae_letter_subblock,
          nicolae_letter_subblock, nicolae_letter_subblock,
          nicolae_letter_subblock, nicolae_letter_subblock,
          nicolae_letter_subblock, nicolae_letter_subblock,
          nicolae_letter_subblock, nicolae_letter_subblock,
          nicolae_letter_subblock, nicolae_letter_subblock,
          nicolae_letter_subblock, nicolae_letter_subblock,
          nicolae_letter_subblock, nicolae_letter_subblock,
          nicolae_letter_subblock, nicolae_letter_subblock,
          nicolae_letter_subblock, nicolae_letter_subblock,
          nicolae_letter_subblock, nicolae_letter_subblock,
          nicolae_letter_subblock]
Temple:   eino_narrow_crystal_temple

Skill      XL: |  1  2  3  4  5  6 |
---------------+-------------------+-----
Spellcasting   | 1 2 3 4 |  4.7
Long Blades    | 1 |  1.9
Ranged Weapons | 1 |  1.3
Fighting       | |  3.8
Maces & Flails | |  2.0
Dodging        | |  1.7
Stealth        | |  6.5

Action                     |  1- 3 |  4- 6 || total
---------------------------+-------+-------++-------
  Melee: Mace              |    65 |       ||    65
         Dagger            |     9 |   100 ||   109
         Punch             |       |     1 ||     1
         Long sword        |       |    42 ||    42
   Fire: Sling             |       |   100 ||   100
  Throw: Dart              |       |     2 ||     2
Ability: Shaft Self        |     1 |       ||     1
  Evoke: Wand              |     1 |       ||     1
    Use: Scroll            |     1 |     1 ||     2
         Potion            |       |     1 ||     1
   Stab: Sleeping          |     5 |     9 ||    14
 Armour: Ring mail         |    48 |   145 ||   193
  Dodge: Dodged            |    47 |   130 ||   177

Table legend: (Time is in decaauts)
 A = Elapsed time spent in this place.
 B = Non-inter-level travel time spent in this place.
 C = Inter-level travel time spent in this place.
 D = Time resting spent in this place.
 E = Time spent auto-exploring this place.
 F = Levels seen in this place.
 G = Mean time per level.
                   A        B        C        D        E       F      G
               +--------+--------+--------+--------+--------+-----+--------+
         Total |   4643 |   4405 |    238 |    705 |   2168 |   7 |  663.3 |
       Dungeon |   4641 |   4403 |    238 |    705 |   2168 |   6 |  773.5 |
        Temple |      1 |      1 |      0 |      0 |      0 |   1 |    1.0 |
               +--------+--------+--------+--------+--------+-----+--------+

Top non-repeatable levels by time:
     D:4: 1351 daAuts
     D:1: 1175 daAuts
     D:2: 873 daAuts
     D:3: 832 daAuts
     D:5: 279 daAuts
     D:6: 129 daAuts
  Temple: 1 daAuts
